 Dungeon Crawl Stone Soup version 0.26-a0-597-gb535b0901c (webtiles) character file.

Game seed: 10082760093641546004

4 Flugslaktarn the Chopper (level 1, -4/20 HPs)
             Began as a Deep Dwarf Monk on Sept 14, 2020.
             Slain by Terence
             ... wielding a +0 flail of protection
              (7 damage)
             ... on level 2 of the Dungeon.
             The game lasted 00:00:07 (144 turns).

Flugslaktarn the Chopper (Deep Dwarf Monk)           Turns: 144, Time: 00:00:08

Health: -4/20      AC:  2    Str: 14    XL:     1   Next: 50%
Magic:  0/0        EV: 13    Int: 10    God:
Gold:   0          SH:  0    Dex: 15    Spells: 0/0 levels left

rFire    . . .     SeeInvis .   a - +0 hand axe
rCold    . . .     Faith    .   (no shield)
rNeg     . . .     Spirit   .   b - +0 robe
rPois    .         Reflect  .   (no helmet)
rElec    .         Harm     .   (no cloak)
rCorr    .                      (no gloves)
MR       .....                  (no boots)
Stlth    ++........             (no amulet)
HPRegen  0.00/turn              (no ring)
MPRegen  0.07/turn              (no ring)

@: non-regenerating
A: damage resistance, heal wounds, sense surroundings 1, no regeneration
a: Heal Wounds


You were on level 2 of the Dungeon.
You visited 1 branch of the dungeon, and saw 2 of its levels.

Inventory:

Hand Weapons
 a - a +0 hand axe (weapon)
Armour
 b - a +0 robe (worn)
Scrolls
 c - a scroll of amnesia {unknown}
 d - a scroll of identify {unknown}
 e - a scroll of enchant armour {unknown}


   Skills:
 * Level 2.8 Fighting
 * Level 3.4 Axes
 + Level 0.2 Armour
 + Level 3.3 Dodging
 - Level 2.4 Stealth


You couldn't memorise any spells.
You didn't know any spells.
Your spell library was empty.

Dungeon Overview and Level Annotations

Branches:
Dungeon (1/15)

Altars:

Annotations:
D:2 Terence


Innate Abilities, Weirdness & Mutations

You are resistant to damage.
You can heal yourself by infusing magical energy.
You passively map a small area around you.
You do not regenerate.


Message History

You hit Terence but do no damage.
Terence is moderately wounded.
Terence hits you with a +0 flail of protection!
* * * LOW HITPOINT WARNING * * *
You are too injured to fight recklessly!
You are too injured to fight recklessly!
You are too injured to fight recklessly!
You are too injured to fight recklessly!
You are too injured to fight recklessly!
You hit Terence but do no damage.
Terence is moderately wounded.
Terence closely misses you.
You hit Terence.
Terence is heavily wounded.
Terence barely misses you.
You are too injured to fight recklessly!
You barely miss Terence.
Terence is heavily wounded.
Terence hits you with a +0 flail of protection!
You die...

, ,.. #.# ,,
#.* #.# , ..
#(# ,,, **#.
#(# , #.##(# *
#..#.# *#.#.#
, , #...######
##..@@...#
+.....>.....#
*
,######......#
* * #......#
########


You could see Terence.

Vanquished Creatures
  A quokka (D:2)
  2 frilled lizards (D:2)
  A kobold (D:2)
  A rat (D:2)
5 creatures vanquished.

Notes
Turn   | Place    | Note
-------+----------+-------------------------------------------
     0 | D:1      | Flugslaktarn the Deep Dwarf Monk began the quest for the
                  | Orb.
     0 | D:1      | Reached XP level 1. HP: 20/20 MP: 1/1
    76 | D:1      | You fall into a shaft and drop 1 floor!
   127 | D:2      | Noticed Terence
   144 | D:2      | Slain by Terence

Illustrated notes

Levels and vault maps discovered:
D:1:      dpeg_chamrin_arrival_tetris, layout_basic, serial_forest,
          infiniplex_forest_join, infiniplex_forest_clump_small,
          infiniplex_forest_straight_4, infiniplex_forest_lined_4_way,
          infiniplex_forest_lined_room_
D:2:      layout_basic, uniq_terence

Action                   || total
-------------------------++-------
Melee: Hand axe          ||    27
 Abil: Heal Wounds       ||     1
Armor: Robe              ||     1
Dodge: Dodged            ||    17

Table legend: (Time is in decaauts)
 A = Elapsed time spent in this place.
 B = Non-inter-level travel time spent in this place.
 C = Inter-level travel time spent in this place.
 D = Time resting spent in this place.
 E = Time spent auto-exploring this place.
 F = Levels seen in this place.
 G = Mean time per level.
                   A        B        C        D        E       F      G
               +--------+--------+--------+--------+--------+-----+--------+
         Total |    147 |    147 |      0 |      0 |    101 |   2 |   73.5 |
       Dungeon |    147 |    147 |      0 |      0 |    101 |   2 |   73.5 |
               +--------+--------+--------+--------+--------+-----+--------+

Top non-repeatable levels by time:
     D:1: 76 daAuts
     D:2: 71 daAuts
